 Dungeon Crawl Stone Soup version 0.30.0-29-ga12c61a403 (webtiles) character file.

Game seed: 6359570709245504620

29005 Fecro the Unseen (level 13, -14/66 HPs)
             Began as a Spriggan Brigand on June 24, 2023.
             Was a High Priest of Dithmenos.
             Engulfed by a cloud of flame (19 damage)
             ... on level 12 of the Dungeon on June 25, 2023.
             The game lasted 02:36:09 (25418 turns).

Fecro the Unseen (Spriggan Brigand)                Turns: 25418, Time: 02:36:09

Health: -14/66     AC: 10    Str:  4    XL:     13   Next: 12%
Magic:  23/23      EV: 36    Int: 14    God:    Dithmenos [*****.]
Gold:   216        SH:  0    Dex: 34    Spells: 12/12 levels left

rFire   . . .        S - +8 short sword "Yrurph" {vamp, MP+9 Str-3 Dex+8}
rCold   . . .        (no shield)
rNeg    . . .        b - +0 steam dragon scales
rPois   .            (helmet restricted)
rElec   .            c - +0 cloak
rCorr   .            (gloves unavailable)
SInv    +            (boots unavailable)
Will    ++...        a - amulet of regeneration Stlth *+++++++++
                     L - +6 ring of dexterity
HPRegen 1.11/turn    h - +4 ring of protection
MPRegen 0.18/turn

%: no passive effects
@: wreathed by umbra, studying Short Blades, very quick
A: very small, no large weapons, unfitting armour, see invisible, speed 3
a: Renounce Religion, Shadow Step, Shadow Form


You were on level 12 of the Dungeon.
You worshipped Dithmenos.
Dithmenos was extremely pleased with you.
You visited 4 branches of the dungeon, and saw 17 of its levels.
You also visited: Ossuary and Gauntlet.

You collected 1653 gold pieces.
You spent 1437 gold pieces at shops.

Inventory:

Hand Weapons
 q - a +4 shortbow
 S - the +8 short sword "Yrurph" (weapon) {vamp, MP+9 Str-3 Dex+8}
   (You bought it in a shop on level 8 of the Dungeon)

   Str:       It affects your strength (-3).
   Dex:       It affects your dexterity (+8).
   MP:        It affects your magic capacity (+9).
Missiles
 d - 23 poisoned darts
 f - 134 stones
 w - a curare-tipped dart
 G - a throwing net
 I - 6 boomerangs
Armour
 b - +0 steam dragon scales (worn)
 c - a +0 cloak (worn)
 e - a +2 robe of fire resistance
Jewellery
 a - an amulet of regeneration (around neck)
 h - a +4 ring of protection (right hand)
 m - a ring of resist corrosion
 v - a ring of fire
 L - a +6 ring of dexterity (left hand)
 Q - a ring of ice
Wands
 K - a wand of charming (4)
 M - a wand of flame (4)
Scrolls
 l - 4 scrolls of vulnerability
 o - 4 scrolls of poison
 p - 4 scrolls of enchant armour
 s - a scroll of torment
 u - 3 scrolls of blinking
 x - 4 scrolls of teleportation
 y - a scroll of fear
 B - 2 scrolls of summoning
 D - 2 scrolls of amnesia
 F - 3 scrolls of fog
 N - 2 scrolls of brand weapon {unknown}
 P - a scroll of magic mapping {unknown}
 R - 5 scrolls of enchant weapon
Potions
 i - a potion of ambrosia {unknown}
 j - 5 potions of curing
 k - 6 potions of mutation
 n - 2 potions of degeneration {unknown}
 r - a potion of flight {unknown}
 z - 3 potions of might {unknown}
 A - a potion of berserk rage {unknown}
 C - a potion of cancellation {unknown}
 E - 2 potions of lignification {unknown}
 H - a potion of magic {unknown}
 J - 2 potions of haste {unknown}
 T - 2 potions of brilliance {unknown}
Miscellaneous
 O - a lightning rod (1/4) (quivered)


   Skills:
 + Level 6.7 Fighting
 + Level 8.3 Short Blades
 + Level 11.7 Ranged Weapons
 * Level 10.0 Throwing
 * Level 12.5 Dodging
 + Level 15.1 Stealth
 + Level 0.7 Evocations


You had 12 spell levels left.
You didn't know any spells.
Your spell library contained the following spells:

 Spells                   Type           Power      Damage    Failure   Level
 Kiss of Death            Conj/Necr      0%         2d5       28%         1
 Cigotuvi's Dreadful Rot  Necr/Pois/Air  0%         N/A       41%         2
 Static Discharge         Conj/Air       0%         2-2/arc   41%         2
 Confusing Touch          Hex            0%         N/A       65%         3
 Dazzling Flash           Conj/Hex       0%         N/A       65%         3
 Ignite Poison            Fire/Tmut/Pois 0%         N/A       65%         3
 Ozocubu's Armour         Ice            0%         N/A       65%         3
 Volatile Blastmotes      Fire/Tloc      0%         2d10      65%         3
 Airstrike                Air            0%         2d(0-16)  96%         4
 Dispel Undead            Necr           0%         3d6       96%         4
 Iskenderun's Mystic Bla  Conj/Tloc      0%         2d3       96%         4
 Summon Lightning Spire   Summ/Air       0%         N/A       96%         4
 Freezing Cloud           Conj/Ice/Air   0%         6-21      100%        5
 Metabolic Englaciation   Hex/Ice        0%         N/A       100%        5
 Simulacrum               Ice/Necr       0%         N/A       100%        6
 Starburst                Conj/Fire      0%         6d3       100%        6


Dungeon Overview and Level Annotations

Branches:
Dungeon (13/15) Temple (1/1) D:4 Lair (1/5) D:9 Orc (2/2) D:9 Elf (0/3) Orc:2 Vaults (0/5) D:12 D:13 Ossuary (visited) Gauntlet (visited)

Altars:
Ashenzari
Cheibriados
Dithmenos
Elyvilon
Fedhas
Gozag
Hepliaklqana
Kikubaaqudgha
Makhleb
Nemelex Xobeh
Okawaru
Qazlal
Ru
Sif Muna
Trog
Uskayaw
Vehumet
Wu Jian
Xom
Yredelemnul
Zin
The Shining One

Shops:
D:2 [   D:3 :   D:5 *   D:6 ==?   D:8 *   D:11 =   Orc:1 [==(*   Orc:2 ([=:

Annotations:
D:4 3 runed translucent doors, jujuben's ghost, novice TrHW


Innate Abilities, Weirdness & Mutations

You are very small and have problems with some larger weapons.
You are too small for most types of armour.
You have supernaturally acute eyesight. (SInv)
You cover ground extremely quickly. (Speed+++)


Message History

The human completely misses you. The meliai barely misses you. x2
The meliai completely misses you. The meliai misses you.
Really read the scroll of immolation?
Okay, then.
Really read the scroll of immolation?
As you read the scroll of immolation, it crumbles to dust.
The creatures around you are filled with an inner flame!
The meliai hits you with a +2 war axe of freezing.
The meliai freezes you. The meliai completely misses you. x2
The meliai misses you. The human completely misses you. x2
The human closely misses you. x2; The human completely misses you.
The human misses you.
The meliai invokes the aid of its god against you.
Something smites you! The meliai misses you. The meliai stings you.
Aiming: Thunderbolt
Press: ? - help, Q - select action, (/) - cycle Shift-Dir - straight line The thunderbolt hits the human!!
Flame seeps out of the human.
The human is severely wounded.
The meliai completely misses you. The meliai stings you.
The meliai closely misses you. The meliai completely misses you.
The human is engulfed in blazing flames.
Flame seeps out of the human.
The human completely misses you. The human misses you.
The human completely misses you. The human closely misses you.
The human completely misses you. The human misses you.
The meliai completely misses you. x2
The meliai hits you with a +0 war axe. The meliai completely misses you.
Aiming: Thunderbolt
Press: ? - help, Q - select action, (/) - cycle Shift-Dir - straight line The thunderbolt hits the human!!
Dithmenos accepts your kill.
The human explodes!
The fiery explosion engulfs the meliai!!
Flame seeps out of the meliai.
The meliai is almost dead.
The fiery explosion engulfs the human!
Flame seeps out of the human.
The human is heavily wounded.
The fiery explosion engulfs you!!
* * * LOW HITPOINT WARNING * * *
You emit a cloud of dark smoke.
You are engulfed in blazing flames.
You die...

#....# ####..# # #....#
###....## # ###.###
#...#### # ######...###
###'###### #..........#
#.......<# #..........#
#........# #......§§§.#
#........### #....?.§○yp#
#........'.##
#......§p@p###........#.[.
#.......ppy#.'........####
#..........#.#........#
#..........'.##########
#..........###
############


You could see 5 humans and 2 meliai.

Vanquished Creatures
  A fire dragon (D:9)
  5 two-headed ogres
  3 skeletal warriors (D:11)
  A wizard (D:12)
  11 orc sorcerers
  A manticore (D:9)
  An ugly thing (D:11)
  An elephant (Lair:1)
  2 cyclopes
  2 gargoyles
  3 trolls
  2 hornets
  4 slime creatures (D:12)
  3 shadows
  25 yaks
  2 humans (D:12)
  3 steam dragons
  11 vampire mosquitoes
  8 wargs
  3 water moccasins
  16 orc warriors
  A sky beast (D:5)
  3 black bears
  9 ogres
  7 centaurs
  3 phantoms
  A kobold brigand (D:9)
  7 bullfrogs
  2 gnoll sergeants
  6 scorpions
  13 killer bees
  5 howler monkeys
  4 hounds
  2 jellies
  3 gnoll boudas
  14 orc priests
  Ijyb (D:5)
  44 orc wizards
  3 iguanas
  8 mummies (Ossuary)
  18 gnolls
  9 adders
  2 white imps (D:6)
  An ufetubus (D:5)
  3 worms
  76 orcs
  A ball python (D:4)
  6 endoplasms
  4 giant cockroaches
  5 goblins
  6 hobgoblins
  9 jackals
  3 quokkas
  A bat (D:3)
  3 frilled lizards
  3 gnoll zombies (Ossuary)
  A hobgoblin zombie (Ossuary)
  13 kobolds
  A kobold zombie (Ossuary)
  3 orc zombies (Ossuary)
  3 rats
415 creatures vanquished.

Vanquished Creatures (others)
  A wyvern (D:7)
  An orc wizard (Orc:2)
  A gnoll (D:7)
3 creatures vanquished.

Grand Total: 418 creatures vanquished

Notes
Turn   | Place    | Note
-------+----------+-------------------------------------------
     0 | D:1      | Fecro the Spriggan Brigand began the quest for the Orb.
     0 | D:1      | Reached XP level 1. HP: 10/10 MP: 2/2
    22 | D:1      | Reached skill level 6 in Stealth
   359 | D:1      | Reached XP level 2. HP: 4/14 MP: 3/3
  1133 | D:2      | Reached skill level 7 in Stealth
  1133 | D:2      | Reached XP level 3. HP: 15/18 MP: 4/4
  1478 | D:2      | Found a faded altar of an unknown god.
  1596 | D:2      | Found Carghyme's Armour Boutique.
  2018 | D:3      | Reached XP level 4. HP: 19/23 MP: 5/5
  2381 | D:3      | Found Namuenump's Vocational Training.
  2774 | D:4      | Noticed an ogre
  2822 | D:3      | Killed an ogre
  2823 | D:3      | Reached skill level 8 in Stealth
  2823 | D:3      | Reached XP level 5. HP: 26/26 MP: 6/6
  3470 | D:4      | Noticed a black bear
  3480 | D:4      | Killed a black bear
  3481 | D:4      | Reached XP level 6. HP: 30/30 MP: 7/7
  3556 | D:4      | Found a runed translucent gate.
  3557 | D:4      | Found a runed translucent gate.
  3558 | D:4      | Found a runed translucent gate.
  3559 | D:4      | Noticed jujuben's ghost (novice TrHW)
  3560 | D:4      | Identified the +4 dagger "Ejol" {flame, rPois Str+5 Int-3
                  | Dex+3}
  3560 | D:4      | Identified the +6 scale mail "Tewk" {Rampage}
  3666 | D:4      | Reached skill level 1 in Ranged Weapons
  4464 | D:4      | Found a staircase to the Ecumenical Temple.
  4475 | Temple   | Entered the Ecumenical Temple
  4892 | D:5      | Entered Level 5 of the Dungeon
  5102 | D:5      | Reached skill level 9 in Stealth
  5102 | D:5      | Reached XP level 7. HP: 30/35 MP: 8/8
  5151 | D:5      | Noticed a two-headed ogre
  5177 | D:5      | Killed a two-headed ogre
  5178 | D:5      | Reached skill level 5 in Short Blades
  5178 | D:5      | Reached skill level 11 in Stealth
  5178 | D:5      | Reached XP level 8. HP: 39/39 MP: 9/9
  5379 | D:5      | Found Wucuici's Assorted Antiques.
  6298 | D:5      | Noticed Ijyb
  6362 | D:5      | Killed Ijyb
  6470 | D:5      | Reached skill level 5 in Dodging
  6649 | D:5      | Reached skill level 5 in Throwing
  7100 | D:5      | Reached XP level 9. HP: 44/44 MP: 10/10
  8012 | D:6      | Found Libbaroigu's Jewellery Shop.
  8032 | D:6      | Found Bitomnepn's Magic Scroll Shop.
  8155 | D:6      | Reached skill level 12 in Stealth
  8179 | D:6      | Found Hilorum's Jewellery Emporium.
  8388 | D:7      | Noticed a +0 dagger
  8388 | D:7      | Noticed a +0 hand axe
  8388 | D:7      | Found a hide-covered altar of Uskayaw.
  8467 | D:7      | Found a sand-covered staircase.
  8473 | Ossuary  | Entered an ossuary
  9293 | D:7      | Reached skill level 5 in Ranged Weapons
  9385 | D:7      | Found a stormy altar of Qazlal.
  9385 | D:7      | Found a snail-covered altar of Cheibriados.
 11025 | D:7      | Found a shadowy altar of Dithmenos.
 11036 | D:7      | Became a worshipper of Dithmenos the Shadowed
 11426 | D:8      | Found Otueteoxuo's General Store.
 11849 | D:7      | Reached XP level 10. HP: 37/49 MP: 11/11
 12986 | D:9      | Found a staircase to the Orcish Mines.
 12998 | Orc:1    | Entered Level 1 of the Orcish Mines
 13048 | Orc:1    | Found Jafeaz's Jewellery Shop.
 13143 | D:9      | Reached skill level 13 in Stealth
 13374 | Orc:1    | Found Boado's Antique Weapon Shop.
 13383 | Orc:1    | Bought a glowing shortbow for 156 gold pieces
 13472 | Orc:2    | Entered Level 2 of the Orcish Mines
 13825 | Orc:2    | Noticed an orc sorcerer
 13826 | Orc:2    | Noticed an orc sorcerer
 13869 | Orc:1    | Found Tuess's General Store.
 13970 | Orc:1    | Noticed an orc sorcerer
 13976 | Orc:1    | Killed an orc sorcerer
 13979 | Orc:1    | Found Cied Fasulu's Jewellery Emporium.
 14564 | Orc:2    | Killed an orc sorcerer
 14853 | Orc:2    | Reached * piety under Dithmenos
 15068 | Orc:2    | Noticed a sun demon
 15073 | Orc:2    | Paralysed by an orc sorcerer for 4 turns
 15085 | Orc:2    | Noticed a sun demon
 15197 | Orc:1    | Paralysed by an orc sorcerer for 5 turns
 15201 | Orc:1    | Noticed a rust devil
 15298 | Orc:1    | Noticed a sixfirhy
 15456 | Orc:2    | Noticed an orc sorcerer
 15532 | Orc:1    | Killed an orc sorcerer
 15593 | Orc:2    | Noticed an orc sorcerer
 15677 | Orc:2    | Noticed a sun demon
 15773 | Orc:2    | Noticed a sun demon
 15858 | Orc:2    | Killed an orc sorcerer
 15964 | Orc:2    | Killed an orc sorcerer
 15965 | Orc:2    | Reached XP level 11. HP: 54/54 MP: 12/12
 16024 | Orc:1    | Noticed a two-headed ogre
 16059 | Orc:2    | Killed a two-headed ogre
 16113 | Orc:2    | Noticed an orc sorcerer
 16123 | Orc:2    | Noticed an orc sorcerer
 16284 | Orc:2    | Killed an orc sorcerer
 16285 | Orc:2    | Reached skill level 14 in Stealth
 16330 | Orc:2    | Found Pasanocauj's Book Emporium.
 16330 | Orc:2    | Found Osapo's Jewellery Boutique.
 16332 | Orc:2    | Noticed an orc sorcerer
 16335 | Orc:2    | Killed an orc sorcerer
 16335 | Orc:2    | Reached ** piety under Dithmenos
 16435 | Orc:2    | Noticed an orc sorcerer
 16451 | Orc:2    | Killed an orc sorcerer
 16656 | Orc:2    | Killed an orc sorcerer
 16741 | Orc:2    | Noticed an orc sorcerer
 16749 | Orc:2    | Killed an orc sorcerer
 17282 | Orc:2    | Noticed an orc sorcerer
 17604 | Orc:2    | Noticed a sun demon
 17655 | Orc:2    | Killed an orc sorcerer
 17656 | Orc:2    | Reached skill level 5 in Fighting
 17656 | Orc:2    | Reached skill level 10 in Dodging
 17723 | Orc:2    | Found Vasefuh's Armour Emporium.
 17723 | Orc:2    | Found Aneuhaat's Antique Weapon Boutique.
 17892 | Orc:2    | Found a staircase to the Elven Halls.
 17899 | Orc:2    | Reached *** piety under Dithmenos
 18435 | Orc:1    | Found a transporter.
 18435 | Orc:1    | Found Xyxtupp's Armour Shoppe.
 18437 | Orc:1    | Found a transporter.
 19287 | D:9      | Found a staircase to the Lair.
 19298 | Lair:1   | Entered Level 1 of the Lair of Beasts
 19303 | Lair:1   | Noticed a death yak
 19359 | D:9      | Noticed a two-headed ogre
 19367 | D:9      | Killed a two-headed ogre
 19409 | D:9      | Reached XP level 12. HP: 60/60 MP: 13/13
 19525 | D:9      | Reached skill level 10 in Ranged Weapons
 19624 | D:9      | Reached **** piety under Dithmenos
 20871 | D:9      | Noticed a fire dragon
 21043 | D:9      | Killed a fire dragon
 21304 | D:10     | Entered Level 10 of the Dungeon
 22238 | D:10     | Noticed a two-headed ogre
 22244 | D:10     | Killed a two-headed ogre
 22408 | D:10     | Identified a scroll of acquirement
 22411 | D:10     | Acquired a manual of Short Blades
 22726 | D:10     | Noticed a two-headed ogre
 22731 | D:10     | Killed a two-headed ogre
 23175 | D:8      | Bought the +8 short sword "Yrurph" {vamp, MP+9 Str-3 Dex+8}
                  | for 1281 gold pieces
 23575 | D:11     | Found Huralu's Jewellery Shoppe.
 23585 | D:11     | Identified the +6 rapier "Ibivupao" {heavy, rF+}
 23674 | D:11     | Found a gate leading to a gauntlet.
 23686 | Gauntlet | Entered a Gauntlet
 23686 | Gauntlet | Found a transporter.
 23694 | Gauntlet | Noticed a five-headed hydra
 23696 | Gauntlet | Found a transporter.
 23697 | Gauntlet | Found a transporter.
 23698 | Gauntlet | Found a transporter.
 23701 | Gauntlet | Found a transporter.
 23702 | Gauntlet | Found a transporter.
 23710 | Gauntlet | Found a transporter.
 23711 | Gauntlet | Found a transporter.
 23715 | Gauntlet | Noticed a ghost crab
 23728 | Gauntlet | Noticed a great orb of eyes
 24455 | D:11     | Reached XP level 13. HP: 65/65 MP: 14/14
 24623 | D:12     | Reached skill level 15 in Stealth
 24876 | D:12     | Reached skill level 10 in Throwing
 24952 | D:12     | Reached ***** piety under Dithmenos
 25300 | D:13     | Found a gate to the Vaults.
 25418 | D:12     | Engulfed by a cloud of flame

Illustrated notes

Levels and vault maps discovered:
D:1:      minmay_arrival_wavy_path, layout_basic, nicolae_figureground_pulse
D:2:      layout_basic, serial_shops, shop,
          chequers_ecumenical_altar_simple_redux, st_stairs_12,
          hangedman_decor_lopped
D:3:      layout_basic, nicolae_shop_vocational
D:4:      layout_layer_cave, minmay_temple_entry_poolview,
          biasface_ghost_orc_armoury, kennysheep_decorative_pillar
D:5:      layout_gridville, serial_shops, nicolae_shop_trees, uniq_ijyb
D:6:      layout_basic, serial_shops, nicolae_shop_pleasant_corner_grove, shop,
          nicolae_shop_tiny_glass, serial_bayou_lagoon_a
D:7:      layout_gridville, gammafunk_temple_overflow_pools,
          dancing_weapons_uskayaw, nicolae_dithmenos_through_a_glass_darkly,
          enter_ossuary_5, roderic_cross_of_infinity, dreamdust_gnoll_farm
D:8:      layout_gridville, serial_shops, shop
D:9:      nzn_winding_woodlands_medium [nzn_winding_woodlands_5x5_closed_star,
          nzn_winding_woodlands_5x15_sawtooth,
          nzn_winding_woodlands_5x5_checkerboard,
          nzn_winding_woodlands_5x5_cross,
          nzn_winding_woodlands_center_triple_pond,
          nzn_winding_woodlands_5x5_open_star, nzn_winding_woodlands_5x5_three,
          nzn_winding_woodlands_5x15_garden, nzn_winding_woodlands_hourglass],
          layout_gridville, grunt_lair_entry_orc_guard_hut, serial_rivers,
          chequers_serial_rivers_micro_b, chequers_serial_rivers_large_a,
          chequers_serial_rivers_large_b, chequers_serial_rivers_small_3
D:10:     layout_gridville
D:11:     layout_small_grid, serial_shops, shop, gauntlet_entry_generic
D:12:     layout_roguey
D:13:     layout_basic, david_vaults_3, serial_rivers,
          chequers_serial_rivers_micro_e, chequers_serial_rivers_small_b,
          chequers_serial_rivers_small_b, chequers_serial_rivers_small_3,
          statue_in_the_mist_lemuel, uniq_sonja
Temple:   nicolae_temple_bog_church
Lair:1:   layout_hall_layers, nicolae_volcano_entry_two_sided,
          grunt_megastairs_1, serial_bayou_shore_b, uniq_nergalle
Orc:1:    layout_diamond_mine, serial_shops, nicolae_shop_pleasant_corner_grove,
          shop, shop, nicolae_shop_drivethru, nicolae_shop_tiny_glass
Orc:2:    st_orc_town, layout_caves

Skill      XL: |  1  2  3  4  5  6  7  8  9 10 11 12 13 |
---------------+----------------------------------------+-----
Stealth        | 6 7 8 9 11 12 13 14 15 | 15.1
Dodging        | 2 3 5 7 9 10 12 | 12.5
Short Blades   | 3 4 5 6 7 8 |  8.3
Fighting       | 2 3 4 5 6 |  6.7
Throwing       | 3 4 5 6 7 8 9 10 | 10.0
Ranged Weapons | 1 2 3 5 7 9 11 | 11.7
Evocations     | |  0.7

Action                     |  1- 3 |  4- 6 |  7- 9 | 10-12 | 13-15 || total
---------------------------+-------+-------+-------+-------+-------++-------
  Melee: Dagger            |   160 |   156 |   482 |   414 |       ||  1212
         Punch             |     1 |     2 |     4 |     7 |       ||    14
         Short sword       |       |       |       |    84 |    22 ||   106
   Fire: Sling             |       |    16 |   145 |    68 |       ||   229
         Shortbow          |       |       |       |   484 |    10 ||   494
         Arbalest          |       |       |       |   238 |       ||   238
  Throw: Dart              |       |    14 |    47 |    64 |     3 ||   128
         Boomerang         |       |       |    33 |     6 |       ||    39
  Evoke: Wand              |       |       |       |     6 |       ||     6
         Lightning rod     |       |       |       |     2 |     3 ||     5
    Use: Scroll            |       |       |     8 |     9 |     2 ||    19
         Potion            |       |       |     2 |     7 |     2 ||    11
   Stab: Sleeping          |     4 |    13 |    13 |    16 |     7 ||    53
         Distracted        |     1 |       |     2 |       |       ||     3
 Armour: Robe              |    36 |    10 |    51 |    22 |       ||   119
         Steam dragon scal |       |       |     1 |    12 |     2 ||    15
  Dodge: Dodged            |   110 |    75 |   328 |   547 |    80 ||  1140
